 Dungeon Crawl Stone Soup version 0.17.0-24-gcfadda4 (webtiles) character file.

106221 TruthSerum the Grappler (level 15, -7/158 HPs)
             Began as a Troll Monk on Nov 16, 2015.
             Was a High Priest of Okawaru.
             Mangled by a shambling mangrove (24 damage)
             ... on level 2 of the Swamp on Nov 17, 2015.
             The game lasted 02:01:47 (23268 turns).

TruthSerum the Grappler (Troll Monk)               Turns: 23268, Time: 02:01:47

Health: -7/158     AC: 33    Str: 23    XL:     15   Next: 96%
Magic:  28/28      EV: 13    Int: 11    God:    Okawaru [*****.]
Gold:   2895       SH: 23    Dex: 19    Spells: 0 memorised, 14 levels left

rFire  + . .     SeeInvis .       - Unarmed
rCold  . . .     Rnd*Rage +     K - +7 shadow dragon armour "Qinawupn" {rElec MP+9 Dex+4 Stlth++++}
rNeg   . . .     SustAt   .     C - +0 large shield
rPois  +         Gourm    +     H - +1 hat {MR+}
rElec  +         Spirit   .     e - +0 cloak {MR+}
rCorr  .         Warding  .     (gloves unavailable)
rMut   +         Stasis   .     (boots unavailable)
MR     +++..                    W - amulet of resist mutation
Stlth  ++++......               d - ring "Etanaxtu" {rElec rPois AC+3 Int+7 Dex-2}
                                J - +5 ring of evasion

@: exhausted, heroism, grasped by roots, very slightly contaminated, slowed,
very slow, extremely resistant to hostile enchantments, stealthy
A: unfitting armour, antennae 1, claws 3, large bone plates 1, berserk 1, dopey
1, fire resistance 1, fast metabolism 3, gourmand, regeneration 2, shaggy fur 1,
spit poison 1, tough skin 2
a: Spit Poison, Heroism, Finesse, Renounce Religion


You were on level 2 of the Swamp.
You worshipped Okawaru.
Okawaru was extremely pleased with you.
You were very full.

You visited 4 branches of the dungeon, and saw 25 of its levels.
You also visited: Sewer and Volcano.

You collected 2895 gold pieces.

Inventory:

Hand Weapons
 a - the +10 morningstar of Due Proportion {flame, rN+}
   (You found it on level 1 of the Swamp)

   It has been specially enchanted to burn those struck by it, causing extra
   injury to most foes and up to half again as much damage against particularly
   susceptible opponents.
   It protects you from negative energy.
 G - a +5 great mace of crushing
Armour
 e - a +0 cloak of magic resistance (worn)
 x - a +2 robe of magic resistance
 C - a +0 large shield (worn)
 D - a +4 fire dragon armour
 H - a +1 hat of magic resistance (worn)
 K - the +7 shadow dragon armour "Qinawupn" (worn) {rElec MP+9 Dex+4 Stlth++++}
   (You found it on level 8 of the Lair of Beasts)

   It affects your dexterity (+4).
   It insulates you from electricity.
   It affects your magic capacity (+9).
   It makes you much more stealthy.
Jewellery
 c - an uncursed ring of see invisible
 d - the ring "Etanaxtu" (right claw) {rElec rPois AC+3 Int+7 Dex-2}
   (You found it on level 3 of the Lair of Beasts)

   [ring of protection]

   It affects your AC (+3).
   It affects your intelligence (+7).
   It affects your dexterity (-2).
   It insulates you from electricity.
   It protects you from poison.
 p - an uncursed ring of positive energy
 I - a +5 ring of strength
 J - a +5 ring of evasion (left claw)
 P - an uncursed ring of flight
 V - a +3 ring of dexterity
 W - an amulet of resist mutation (around neck)
 X - an uncursed ring of fire {unknown}
Wands
 g - a wand of digging (7)
 l - a wand of hasting (1)
 u - a wand of cold (3)
 F - a wand of fire (0)
 R - a wand of slowing (20)
 S - a wand of disintegration (11)
 Z - a wand of fire (10)
Scrolls
 h - 9 scrolls of remove curse
 j - 2 scrolls of fear
 E - 2 scrolls of recharging
 Q - a scroll of teleportation {unknown}
 T - a scroll of vulnerability
 U - a scroll of magic mapping
 Y - a scroll of enchant weapon
Potions
 f - 8 potions of curing {unknown}
 k - 3 potions of brilliance
 m - 3 potions of cancellation
 o - 2 potions of flight
 r - 4 potions of lignification
 s - a potion of agility
 v - 3 potions of berserk rage
 B - 2 potions of might
 O - a potion of invisibility
Comestibles
 b - 21 bread rations
 i - 41 fruits
 n - a slice of pizza
 q - 11 meat rations
 t - 13 chunks of flesh
 z - 6 beef jerkies
 A - 3 royal jellies


   Skills:
 + Level 12.4(17.4) Fighting
 - Level 3.0(8.0) Maces & Flails
 + Level 8.8(13.8) Armour
 - Level 8.2(13.2) Dodging
 - Level 1.1(6.1) Stealth
 + Level 10.9(15.9) Shields
 + Level 14.4(19.4) Unarmed Combat
 - Level 7.9 Invocations


You had 14 spell levels left.
You didn't know any spells.

Dungeon Overview and Level Annotations

Branches:
Dungeon (11/15)            Temple (0/1) D:6            Lair (8/8) D:11
  Swamp (2/4) Lair:6        Snake (0/4) Lair:3        Slime (0/6) Lair:8
    Orc (4/4) D:11            Elf (0/3) Orc:3

Altars:
Ashenzari
Elyvilon
Makhleb
Okawaru
Ru
Trog
Vehumet
Xom
Zin
The Shining One

Shops:
D:4 (   D:5 [   D:6 :   D:9 (   Orc:4 (%}%

Portals:
Hell: Lair:8
Pandemonium: Orc:4

Annotations:
Swamp:2 agentgt's ghost, journeyman TeSu


Innate Abilities, Weirdness & Mutations

You are too large for most types of armour.
You have claws for hands.
Your metabolism is lightning-fast.
You like to eat raw meat.
You heal very quickly.
You are covered in fur (AC +1).
You have very tough skin (AC +2).
You have a pair of small antennae on your head.
You are partially covered in large bone plates (AC +2, SH +2).
You tend to lose your temper in combat.
You are dopey. (Int -2)
Your flesh is heat resistant.
You can spit weak poison.


Message History

The shambling mangrove reaches out with a gnarled limb.
Grasping roots rise from the ground around the shambling mangrove!
The thorn hunter hits the briar patch but does no damage.
The thorn hunter hits the briar patch.
Agentgt's ghost says, "You must not succeed where I failed!"
You block agentgt's ghost's attack.
The thorn hunter hits the briar patch!
The briar patch is destroyed!
The crimson imp blinks!
You enter the shallow water.
Moving in this stuff is going to be slow.
A root reaches out and grasps at passing movement.
The briar patch crumbles away. x2
You block the crimson imp's attack. You block agentgt's ghost's attack.
The crimson imp blinks!
The shambling mangrove hits you but does no damage.
You block agentgt's ghost's attack.
The briar patch crumbles away.
Thorny briars emerge from the ground!
The shambling mangrove hits you!!
You die... ♣♣♣♣ ♣♣.♣♣..♣ ♣♣♣ .♣ ♣...♣<♣♣ ♣♣♣♣.♣ .♣ ♣ ♣.≈.♣.♣ ♣.♣♣.♣♣.♣ ♣P .≈≈♣.♣ ♣♣≈♣..♣♣≈♣♣♣ .
P≈♣≈.♣.♣♣♣≈≈...♣♣≈..♣♣ ≈PP

...♣%§...≈≈≈.♣..♣...
≈PP§≈♣≈♣f...≈≈§≈.♣..♣≈≈.
≈♣PP§≈≈§@W.f..♣≈≈≈.).....
≈♣≈PP♣§..♣f.§≈P≈≈≈≈.≈≈≈≈≈≈
≈≈≈PP≈≈≈♣♣..≈≈P...>†.)...≈
≈≈≈PP≈P.♣♣≈(5.≈≈..≈≈≈.≈≈≈.
.≈♣PP≈.♣♣.≈≈♣.≈....>..≈≈♣.
≈≈≈P≈§P♣.§≈...≈P.≈≈≈.≈≈≈≈.
♣≈≈≈.≈PP..≈≈♣.♣P≈≈..≈≈.≈..
≈≈..≈≈PP..≈♣≈.P...≈§≈.≈≈..
≈.≈≈≈≈P.♣.≈≈≈.......≈≈≈≈≈≈


You could see a thorn hunter, 2 shambling mangroves, agentgt's ghost and a
crimson imp.

Vanquished Creatures
  Rupert (Lair:3)
  Gastronok (Lair:3)
  Kirke (Swamp:2)
  3 thorn hunters
  Maud (Lair:3)
  Josephine (Orc:3)
  A ghost crab (Swamp:1)
  A hell beast (Lair:8)
  11 hydras
  3 alligators
  A queen ant (Lair:4)
  5 orc high priests (Orc:4)
  A soul eater (Orc:4)
  3 skeletal warriors (D:11)
  A gelid demonspawn (Orc:4)
  An infernal demonspawn (Orc:4)
  A hill giant (D:10)
  4 orc knights (Orc:4)
  2 swamp dragons
  A wizard (Lair:8)
  2 oklob plants
  6 orc sorcerers (Orc:4)
  10 black mambas
  A rust devil (Orc:4)
  The ghost of djmy96 the Ducker, a novice TrBe of Trog (D:5)
  An ugly thing (D:11)
  3 griffons
  9 elephants
  Maurice (Orc:3)
  A molten gargoyle (Volcano)
  4 gargoyles
  7 orange demons
  14 spiny frogs
  6 komodo dragons
  3 blue devils
  3 fire drakes (Lair:8)
  2 hellwings
  2 polar bears (Lair:8)
  A red devil (Lair:8)
  A two-headed ogre (Orc:3)
  2 trolls
  10 blink frogs
  Grinder (D:3)
  A bog body (Swamp:1)
  3 boulder beetles
  4 wraiths
  A fire elemental (Volcano)
  3 spriggans
  2 hogs (Swamp:2)
  A wyvern (Lair:6)
  A hungry ghost (D:10)
  A deep elf fighter (D:11)
  8 hippogriffs
  5 basilisks
  49 yaks
  Grum (D:9)
  A steam dragon (D:11)
  Menkaure (D:5)
  Edmund (D:5)
  13 swamp worms
  5 soldier ants
  4 vampire mosquitoes (Swamp:1)
  2 ice beasts
  33 wolves
  3 nagas (Lair:3)
  3 wargs (Orc:2)
  2 hell hounds (Lair:8)
  30 orc warriors
  3 sky beasts
  16 water moccasins
  2 swamp drakes
  A centaur (D:6)
  A phantom (D:11)
  8 porcupines
  4 necrophages
  8 ogres
  A big kobold (D:11)
  3 wasps
  25 crocodiles
  23 giant frogs
  16 killer bees
  4 scorpions
  An electric eel (Lair:5)
  5 wights (D:10)
  3 crimson imps
  2 centaur zombies
  A giant frog zombie (D:5)
  36 orc priests
  15 jellies
  3 hounds
  Crazy Yiuf (D:5)
  A centaur skeleton (D:4)
  A giant frog skeleton (D:9)
  9 iguanas
  Terence (D:3)
  20 orc wizards
  29 worker ants
  A killer bee zombie (D:9)
  2 worker ant zombies
  18 adders
  17 river rats
  2 shadow imps
  13 oozes
  2 adder skeletons
  An adder zombie (D:7)
  17 worms
  15 giant geckos
  178 orcs
  20 giant cockroaches
  8 hobgoblins
  10 jackals
  6 quokkas
  9 ball pythons
  18 bats
  A giant gecko zombie (D:5)
  16 giant newts
  6 goblins
  A jackal skeleton (D:4)
  8 kobolds
  A quokka skeleton (D:6)
  A quokka zombie (D:8)
  16 rats
  A butterfly (Lair:1)
  A fungus (D:11)
  A plant (Lair:3)
946 creatures vanquished.

Vanquished Creatures (others)
  A hydra (Swamp:1)
  3 humans (Swamp:2)
  A swamp drake (Swamp:2)
  2 kobolds (D:11)
  4 briar patches (Swamp:2)
  15 fungi
  3 plants
29 creatures vanquished.

Grand Total: 975 creatures vanquished

Notes
Turn   | Place    | Note
--------------------------------------------------------------
     0 | D:1      | TruthSerum the Troll Monk began the quest for the Orb.
     0 | D:1      | Reached XP level 1. HP: 22/22 MP: 0/0
    89 | D:1      | Reached XP level 2. HP: 29/29 MP: 1/1
   758 | D:2      | Reached XP level 3. HP: 23/36 MP: 2/2
  1350 | D:3      | Reached XP level 4. HP: 45/45 MP: 3/3
  1784 | D:3      | Noticed Terence
  1795 | D:3      | Killed Terence
  1963 | D:3      | Noticed Grinder
  1974 | D:3      | Killed Grinder
  1974 | D:3      | Reached skill level 5 in Unarmed Combat
  1974 | D:3      | Reached XP level 5. HP: 27/54 MP: 4/4
  1974 | D:3      | Reached XP level 6. HP: 31/62 MP: 5/5
  2203 | D:4      | Found Rexyhan's Weapon Shop.
  2444 | D:4      | Found an iron altar of Okawaru.
  2444 | D:4      | Found a bloodstained altar of Trog.
  2456 | D:4      | Became a worshipper of Warmaster Okawaru
  2456 | D:4      | Reached * piety under Okawaru
  2456 | D:4      | Reached ** piety under Okawaru
  2746 | D:5      | Entered Level 5 of the Dungeon
  2746 | D:5      | Noticed Edmund
  2750 | D:5      | Reached XP level 7. HP: 64/70 MP: 6/6
  2761 | D:5      | Killed Edmund
  2768 | D:5      | Found Joetet's Armour Boutique.
  2893 | D:5      | Noticed Menkaure
  2900 | D:5      | Killed Menkaure
  2900 | D:5      | Reached skill level 6 in Unarmed Combat
  3051 | D:5      | Reached skill level 5 in Dodging
  3065 | D:5      | Gained mutation: Your flesh is heat resistant. [mutagenic meat]
  3066 | D:5      | Gained mutation: You are dopey. (Int -2) [mutagenic meat]
  3067 | D:5      | Gained mutation: You tend to lose your temper in combat. [mutagenic meat]
  3068 | D:5      | Gained mutation: You can spit weak poison. [mutagenic meat]
  3207 | D:5      | Noticed Crazy Yiuf
  3212 | D:5      | Killed Crazy Yiuf
  3226 | D:5      | Reached skill level 7 in Fighting
  3226 | D:5      | Reached skill level 9 in Unarmed Combat
  3226 | D:5      | Reached XP level 8. HP: 73/88 MP: 7/7
  3629 | D:5      | Found a shimmering altar of Xom.
  3706 | D:5      | Noticed djmy96's ghost (novice TrBe)
  3727 | D:5      | Killed djmy96's ghost
  3727 | D:5      | Reached *** piety under Okawaru
  3727 | D:5      | Reached XP level 9. HP: 55/94 MP: 8/8
  3857 | D:6      | Found Puimaten's Book Emporium.
  3873 | D:6      | Reached skill level 1 in Invocations
  3874 | D:6      | Reached skill level 1 in Armour
  3948 | D:6      | Found a glowing silver altar of Zin.
  3991 | D:6      | Found a staircase to the Ecumenical Temple.
  4069 | D:6      | Found a glowing drain.
  4080 | Sewer    | Entered a sewer
  4678 | D:6      | Found a sacrificial altar of Ru.
  4920 | D:7      | Reached **** piety under Okawaru
  5096 | D:7      | Reached skill level 1 in Shields
  5187 | D:7      | Reached skill level 1 in Maces & Flails
  5194 | D:7      | Found a white marble altar of Elyvilon.
  5498 | D:7      | Found a shattered altar of Ashenzari.
  5795 | D:8      | Reached XP level 10. HP: 104/104 MP: 10/10
  6531 | D:9      | Reached skill level 10 in Unarmed Combat
  6671 | D:9      | Noticed Grum
  6700 | D:9      | Killed Grum
  6700 | D:9      | Reached ***** piety under Okawaru
  6785 | D:9      | Found Qicvuvak's Weapon Shop.
  6904 | D:9      | Found a glowing golden altar of the Shining One.
  6920 | D:9      | Identified a scroll of acquirement
  6999 | D:10     | Entered Level 10 of the Dungeon
  6999 | D:10     | Noticed a hill giant
  7009 | D:10     | Killed a hill giant
  7910 | D:11     | Reached XP level 11. HP: 107/113 MP: 12/12
  7927 | D:11     | Received a gift from Okawaru
  8144 | D:11     | Found an iron altar of Okawaru.
  8595 | D:11     | Received a gift from Okawaru
  8597 | D:11     | Found a staircase to the Lair.
  8639 | D:11     | Noticed a skeletal warrior
  8641 | D:11     | Noticed a skeletal warrior
  8663 | D:11     | Killed a skeletal warrior
  8677 | D:11     | Killed a skeletal warrior
  8683 | D:11     | Noticed a skeletal warrior
  8695 | D:11     | Killed a skeletal warrior
  8743 | D:11     | Reached skill level 5 in Invocations
  8751 | D:11     | Reached skill level 11 in Unarmed Combat
  8754 | D:11     | Noticed a purple ugly thing
  8765 | D:11     | Killed a purple ugly thing
  8816 | D:11     | Gained mutation: You have a pair of small antennae on your head. [mutagenic meat]
  8817 | D:11     | Gained mutation: You are partially covered in large bone plates (AC +2, SH +2). [mutagenic meat]
  8841 | D:11     | Found a staircase to the Orcish Mines.
  9157 | Orc:1    | Entered Level 1 of the Orcish Mines
  9197 | Orc:1    | Received a gift from Okawaru
  9529 | Orc:1    | Found a dark tunnel.
  9538 | Volcano  | Entered a volcano
  9557 | Volcano  | Reached skill level 5 in Shields
  9570 | Volcano  | Reached XP level 12. HP: 123/123 MP: 14/16
 10222 | Orc:2    | Found a radiant altar of Vehumet.
 10440 | Orc:2    | Reached XP level 13. HP: 116/131 MP: 15/17
 11008 | Orc:3    | Found a staircase to the Elven Halls.
 11008 | Orc:3    | Noticed Maurice
 11020 | Orc:3    | Received a gift from Okawaru
 11028 | Orc:3    | Noticed Josephine
 11035 | Orc:3    | Killed Josephine
 11051 | Orc:3    | Killed Maurice
 11475 | Orc:4    | Entered Level 4 of the Orcish Mines
 12133 | Orc:4    | Found Qason's Food Shop.
 12135 | Orc:4    | Found Tuuppu's Food Boutique.
 12686 | Orc:3    | Reached skill level 10 in Fighting
 13062 | Orc:4    | HP: 5/133 [blue devil[an orc high priest] (2)]
 13419 | Orc:4    | Reached skill level 12 in Unarmed Combat
 13563 | Orc:4    | Found Wiaxoss's Antique Weapon Shoppe.
 13563 | Orc:4    | Found Furchi's Gadget Emporium.
 13563 | Orc:4    | Found a one-way gate leading to the halls of Pandemonium.
 13570 | Orc:4    | Reached skill level 5 in Armour
 13786 | Lair:1   | Entered Level 1 of the Lair of Beasts
 14792 | Lair:2   | Reached XP level 14. HP: 144/144 MP: 18/18
 16014 | Lair:3   | Received a gift from Okawaru
 16132 | Lair:3   | Got a sparkling lead ring
 16134 | Lair:3   | Identified the ring "Etanaxtu" {rElec rPois AC+3 Int+7 Dex-2} (You found it on level 3 of the Lair of Beasts)
 16204 | Lair:3   | Found a staircase to the Snake Pit.
 16327 | Lair:3   | Noticed Maud
 16341 | Lair:3   | Killed Maud
 16522 | Lair:3   | Noticed Gastronok
 16524 | Lair:3   | Noticed Rupert
 16537 | Lair:3   | Killed Gastronok
 16548 | Lair:3   | Killed Rupert
 16822 | Lair:4   | Reached skill level 13 in Unarmed Combat
 18580 | Lair:5   | Received a gift from Okawaru
 19198 | Lair:6   | Found a staircase to the Swamp.
 19411 | Lair:6   | Reached XP level 15. HP: 154/154 MP: 19/19
 20493 | Lair:7   | Reached skill level 10 in Shields
 20780 | Lair:8   | Entered Level 8 of the Lair of Beasts
 20795 | Lair:8   | Found a staircase to the Slime Pits.
 21968 | Lair:8   | Found a burning altar of Makhleb.
 21976 | Lair:8   | Reached skill level 14 in Unarmed Combat
 22012 | Lair:8   | Found a gateway to Hell.
 22057 | Lair:8   | Got a dazzling shadow dragon armour
 22070 | Lair:8   | Identified the +7 shadow dragon armour "Qinawupn" {rElec MP+9 Dex+4 Stlth++++} (You found it on level 8 of the Lair of Beasts)
 22210 | Swamp:1  | Entered Level 1 of the Swamp
 22430 | Swamp:1  | Got a bloodstained morningstar
 22431 | Swamp:1  | Identified the +10 morningstar of Due Proportion {flame, rN+} (You found it on level 1 of the Swamp)
 22462 | Swamp:1  | Found a sacrificial altar of Ru.
 22520 | Swamp:1  | Noticed a thorn hunter
 22539 | Swamp:1  | Killed a thorn hunter
 22818 | Swamp:1  | Received a gift from Okawaru
 23040 | Swamp:2  | Noticed Kirke
 23069 | Swamp:2  | Killed Kirke
 23212 | Swamp:2  | Noticed a thorn hunter
 23216 | Swamp:2  | Killed a thorn hunter
 23218 | Swamp:2  | Noticed a thorn hunter
 23235 | Swamp:2  | Killed a thorn hunter
 23244 | Swamp:2  | Noticed agentgt's ghost (journeyman TeSu)
 23262 | Swamp:2  | Noticed a thorn hunter
 23268 | Swamp:2  | Mangled by a shambling mangrove

Action                   |  1- 3 |  4- 6 |  7- 9 | 10-12 | 13-15 || total
-------------------------+-------+-------+-------+-------+-------++-------
Melee: Unarmed           |   114 |    84 |   348 |   719 |  2067 ||  3332
       Great mace        |       |       |       |       |    13 ||    13
       Morningstar       |       |       |       |       |    21 ||    21
Invok: Heroism           |       |       |     1 |    11 |    14 ||    26
       Finesse           |       |       |       |     2 |    12 ||    14
Evoke: Wand              |       |       |       |       |     8 ||     8
  Use: Scroll            |       |       |    15 |    10 |    21 ||    46
       Potion            |       |       |     1 |     6 |     8 ||    15
 Stab: Sleeping          |     3 |     1 |     1 |     3 |     1 ||     9
  Eat: Chunk             |    18 |    13 |    29 |    59 |   141 ||   260
